 Dungeon Sprint DCSS version 0.26-a0-966-gd078a86f14 (webtiles) character file.

Game seed: 17570841394742451457

4 mnbvcxz the Ducker (level 1, -2/11 HPs)
             Began as a Spriggan Abyssal Knight on Dec 3, 2020.
             Was a Believer of Lugonu.
             Slain by an ufetubus (4 damage)
             ... in the Dungeon (Sprint IX: "|||||||||||||||||||||||||||||").
             The game lasted 00:00:31 (46 turns).

mnbvcxz the Ducker (Spriggan Abyssal Knight)          Turns: 46, Time: 00:00:32

Health: -2/11      AC:  2    Str:  8    XL:     1   Next: 58%
Magic:  3/3        EV: 19    Int: 13    God:    Lugonu [**....]
Gold:   0          SH:  0    Dex: 15    Spells: 0/0 levels left

rFire    . . .     SeeInvis +   a - +1 short sword
rCold    . . .     Faith    .   (shield restricted)
rNeg     . . .     Spirit   .   b - +0 robe
rPois    .         Reflect  .   (helmet restricted)
rElec    .         Harm     .   (no cloak)
rCorr    .         Rampage  .   (gloves unavailable)
MR       .....     NoTele   +   (boots unavailable)
Stlth    +.........             (no amulet)
HPRegen  0.03/turn              (no ring)
MPRegen  0.08/turn              (no ring)

@: very quick
A: very small, unfitting armour, see invisible, speed 3
a: Bend Space, Renounce Religion


You were in the Dungeon.
You worshipped Lugonu.
Lugonu was pleased with you.
You visited 1 branch

Inventory:

Hand Weapons
 a - a +1 short sword (weapon)
 j - a +0 dagger
Missiles
 i - 3 stones
Armour
 b - a +0 robe (worn)
Scrolls
 h - a scroll of blinking
Potions
 c - a potion of curing
 d - a potion of heal wounds
 e - a potion of haste
 f - 2 potions of magic
 g - a potion of berserk rage


   Skills:
 + Level 2.8 Fighting
 + Level 3.4 Short Blades
 + Level 4.1 Dodging
 + Level 1.7 Invocations


You couldn't memorise any spells.
You didn't know any spells.
Your spell library was empty.

Dungeon Overview and Level Annotations

Branches:
Dungeon (1/1)

Altars:


Innate Abilities, Weirdness & Mutations

You are very small and have problems with some larger weapons.
You are too small for most types of armour.
You have supernaturally acute eyesight. (SInv)
You cover ground extremely quickly.


Message History

You barely miss the ufetubus. The ufetubus barely misses you. x3
The ufetubus closely misses you.
You hit the ufetubus.
The ufetubus is moderately wounded.
The ufetubus barely misses you. The ufetubus closely misses you.
You hit the ufetubus.
The ufetubus is severely wounded.
The ufetubus barely misses you. The ufetubus completely misses you.
You closely miss the ufetubus.
The ufetubus is severely wounded.
The ufetubus misses you. The ufetubus completely misses you. x3
You miss the ufetubus.
The ufetubus is severely wounded.
The howler monkey hoots and howls with incredible vigour!
The ufetubus barely misses you. The ufetubus misses you.
The sky beast flickers out of sight for a moment.
You hit the ufetubus.
The ufetubus is almost dead.
The ufetubus hits you.
You die... ▓▓▓▓▓▓▓▓▓▓▓▓▓▓▓▓▓▓ +.YYSh5@.††.†...<▓ ▓▓▓▓▓▓▓▓▓▓▓▓▓▓▓▓▓▓

You could see 2 sky beasts, a howler monkey (catching breath), an adder and an ufetubus.

Vanquished Creatures
  A frilled lizard (D)
  3 kobolds (D)
  A rat (D)
5 creatures vanquished.

Notes
Turn   | Place    | Note
-------+----------+-------------------------------------------
     0 | D        | mnbvcxz the Spriggan Abyssal Knight began the quest for the
                  | Orb.
     0 | D        | Reached XP level 1. HP: 11/11 MP: 3/3
    12 | D        | Reached ** piety under Lugonu
    21 | D        | Reached skill level 4 in Dodging
    38 | D        | Noticed a sky beast
    38 | D        | Noticed a sky beast
    38 | D        | Noticed a howler monkey
    46 | D        | Slain by an ufetubus

Illustrated notes

Levels and vault maps discovered:
D:        linesprint [early_d, line_temple, items_1, d_10, items_2, lair_1,
          lair_end, items_3, orc_1, orc_end, items_4, d_15, swamp_1, shoals_1,
          snake_1, spider_1, d_20, vaults_1, items_5, swamp_end, shoals_end,
          snake_end, spider_end, vaults_end, d_27, items_6, zot_1, zot_end,
          crypt_end, forest_end, elf_end, slime_end, tomb_end, abyss_end,
          pan_hell_end]

Skill      XL: |  1 |
---------------+----+-----
Short Blades   | 3 |  3.4
Dodging        | 4 |  4.1
Fighting       | |  2.8
Invocations    | |  1.7

Action                   || total
-------------------------++-------
Melee: Short sword       ||    24
Armor: Robe              ||     1
Dodge: Dodged            ||    27

Table legend: (Time is in decaauts)
 A = Elapsed time spent in this place.
 B = Non-inter-level travel time spent in this place.
 C = Inter-level travel time spent in this place.
 D = Time resting spent in this place.
 E = Time spent auto-exploring this place.
 F = Levels seen in this place.
 G = Mean time per level.
                   A        B        C        D        E       F      G
               +--------+--------+--------+--------+--------+-----+--------+
         Total |     37 |     30 |      7 |      0 |      0 |   1 |   37.0 |
       Dungeon |     37 |     30 |      7 |      0 |      0 |   1 |   37.0 |
               +--------+--------+--------+--------+--------+-----+--------+

Top non-repeatable levels by time:
       D: 37 daAuts
